 Dungeon Crawl Stone Soup version 0.28.0-49-g6dfe1f597d (webtiles) character file.

Game seed: 4256537564288679183

41 Exodus22XD the Covered (level 3, 33/33 HPs)
             Began as a Minotaur Fighter on May 20, 2022.
             Was a Follower of Vehumet.
             Quit the game on level 1 of the Dungeon.
             The game lasted 00:01:04 (1164 turns).

Exodus22XD the Covered (Minotaur Fighter)           Turns: 1164, Time: 00:01:04

Health: 33/33      AC: 13    Str: 22    XL:     3   Next: 32%
Magic:  2/2        EV:  7    Int:  5    God:    Vehumet [*.....]
Gold:   49         SH:  4    Dex:  9    Spells: 2/2 levels left

rFire   + . .      SeeInvis .   a - +0 war axe
rCold   . . .      Faith    .   c - +0 buckler
rNeg    . . .      Spirit   .   g - +4 chain mail {rF+}
rPois   .          Reflect  .   (helmet restricted)
rElec   .          Harm     .   (no cloak)
rCorr   .          Rampage  .   (no gloves)
Will    .....                   (no boots)
Stlth   ..........              (no amulet)
HPRegen 0.11/turn               (no ring)
MPRegen 0.08/turn               (no ring)

@: no status effects
A: horns 2, retaliatory headbutt
a: Renounce Religion


You were on level 1 of the Dungeon.
You worshipped Vehumet.
Vehumet was aware of your devotion.
You visited 1 branch of the dungeon, and saw 1 of its levels.

You collected 49 gold pieces.

Inventory:

Hand Weapons
 a - a +0 war axe (weapon)
Armour
 c - a +0 buckler (worn)
 g - a +4 chain mail of fire resistance (worn)
Jewellery
 b - an amulet of magic regeneration
 i - a ring of poison resistance
Scrolls
 f - a scroll of noise {unknown}
Potions
 d - a potion of might
 e - 2 potions of brilliance {unknown}
 h - a potion of curing {unknown}


   Skills:
 + Level 4.0 Fighting
 + Level 3.2 Axes
 + Level 4.2 Armour
 + Level 4.0 Shields


You had 2 spell levels left.
You didn't know any spells.
Your spell library was empty.

Dungeon Overview and Level Annotations

Branches:
Dungeon (1/15)

Altars:
Vehumet


Innate Abilities, Weirdness & Mutations

You have a pair of horns on your head.
You reflexively headbutt those who attack you in melee.


Message History

No target in view!
No target in view!
There is an open door here.
You see here a +0 whip.
i - a ring of poison resistance No target in view!
Key pressed, stopping explore.
No target in view!
Key pressed, stopping explore.
No target in view!
No target in view!
You see here a +0 dagger.
There is a stone staircase leading down here.
Key pressed, stopping explore.
No target in view!
A hobgoblin comes into view.
The hobgoblin shouts!
A ball python comes into view.
The ball python hisses angrily.
There are monsters nearby!
There are monsters nearby!
There are monsters nearby!
The hobgoblin hits you but does no damage.
You slash the ball python!
You kill the ball python!
You closely miss the hobgoblin. You block the hobgoblin's attack.
You slash the hobgoblin!
You kill the hobgoblin!
Done exploring.
No target in view!
Done exploring.
No target in view!
Search for what [Enter for "god", or ? for help]? god
There is a faded altar of an unknown god here.
You cannot tell which god this altar belongs to.
Convert to them anyway?
Vehumet accepts your prayer! Vehumet welcomes you!
You can now gain magical power from killing.
Vehumet offers you knowledge of Foxfire.
Are you sure you want to abandon this character and quit the game? (Confirm with "yes".)

....#######.##.#.###
....# #.##.#.# ..###
#.##.#.# ..#
####.##.#.# ..#
#....##.#.# ..##
#.##.##.#.# ...#
###.#####.#.#
...###.........#.#
.........####...@#
...#####.# ##.###
......##.# #.#
#.###.##.#####.#
..###.##.......#
.......#########
.......# .......#
#......#


There were no monsters in sight!

Vanquished Creatures
  4 ball pythons (D:1)
  6 endoplasms (D:1)
  3 giant cockroaches (D:1)
  5 goblins (D:1)
  A hobgoblin (D:1)
  3 jackals (D:1)
  3 quokkas (D:1)
  3 bats (D:1)
  2 frilled lizards (D:1)
  3 kobolds (D:1)
  2 rats (D:1)
35 creatures vanquished.

Notes
Turn   | Place    | Note
-------+----------+-------------------------------------------
     0 | D:1      | Exodus22XD the Minotaur Fighter began the quest for the
                  | Orb.
     0 | D:1      | Reached XP level 1. HP: 19/19 MP: 0/0
   238 | D:1      | Reached XP level 2. HP: 26/27 MP: 1/1
   481 | D:1      | Found a faded altar of an unknown god.
   513 | D:1      | Reached XP level 3. HP: 32/33 MP: 2/2
   783 | D:1      | Found a faded altar of an unknown god.
  1163 | D:1      | Prayed at the altar of an unknown god.
  1163 | D:1      | Became a worshipper of Vehumet
  1163 | D:1      | Reached * piety under Vehumet
  1163 | D:1      | Offered knowledge of Foxfire by Vehumet.
  1164 | D:1      | Quit the game

Illustrated notes

Levels and vault maps discovered:
D:1:      eino_arrival_cavern_c, layout_basic, basic_ecumenical_altar,
          hangedman_decor_peaks_small

Skill      XL: |  1  2 |
---------------+-------+-----
Armour         | 4 |  4.2
Fighting       | 4 |  4.0
Shields        | 4 |  4.0
Axes           | 3 |  3.2

Action                   || total
-------------------------++-------
Melee: War axe           ||    66
       Headbutt          ||     4
Armor: Scale mail        ||    26
       Chain mail        ||    17
Dodge: Dodged            ||    29
Block: Buckler           ||    17
